 Dungeon Crawl Stone Soup version 0.29.1-15-g9cfb28693d (webtiles) character file.

Game seed: 5954987249231326707

620 Carnifexus the Sneak (level 7, 0/50 HPs)
             Began as a Vampire Enchanter on Mar 28, 2023.
             Slain by a gnoll sergeant
             ... wielding a +0 spear of distortion
              (14 damage)
             ... on level 4 of the Dungeon.
             The game lasted 00:11:27 (2617 turns).

Carnifexus the Sneak (Vampire Enchanter)            Turns: 2617, Time: 00:11:27

Health: 0/50       AC:  5    Str:  7    XL:     7   Next: 22%
Magic:  10/10      EV: 14    Int: 17    God:
Gold:   153        SH:  0    Dex: 17    Spells: 10/10 levels left

rFire   . . .      SeeInvis +   a - +1 dagger
rCold   . . .      Faith    .   (no shield)
rNeg    . . .      Spirit   .   b - +0 robe
rPois   .          Reflect  .   k - +0 helmet
rElec   .          Harm     .   y - +0 cloak
rCorr   +          Rampage  +   (no gloves)
Will    .....                   t - +0 pair of boots {rampage}
Stlth   ++++......              q - amulet of regeneration
HPRegen 1.16/turn               w - +4 ring of slaying
MPRegen 0.12/turn               g - ring of resist corrosion

@: healing quickly, hasted, very quick
A: alive, fangs 3, see invisible, vampiric 2
a: Exsanguinate


You were on level 4 of the Dungeon.
You visited 1 branch of the dungeon, and saw 5 of its levels.

You collected 153 gold pieces.

Inventory:

Hand Weapons
 a - a +1 dagger (weapon)
Armour
 b - a +0 robe (worn)
 f - a +0 plate armour
 k - a +0 helmet (worn)
 t - a +0 pair of boots of rampaging (worn)
 y - a +0 cloak (worn)
 z - a +1 buckler of fire resistance
Magical Staves
 A - a staff of fire
Jewellery
 e - an amulet of reflection
 g - a ring of resist corrosion (right hand)
 h - a ring of positive energy
 o - a ring of protection from cold
 q - an amulet of regeneration (around neck)
 w - a +4 ring of slaying (left hand)
Wands
 x - a wand of paralysis (14)
Scrolls
 d - a scroll of noise
 j - a scroll of identify
 r - a scroll of magic mapping {unknown}
 s - a scroll of teleportation
 v - a scroll of vulnerability {unknown}
 C - a scroll of poison {unknown}
 D - a scroll of blinking {unknown}
 E - a scroll of fear {unknown}
Potions
 i - a potion of attraction {unknown}
 l - a potion of mutation {unknown}
 m - a potion of degeneration {unknown}
 n - a potion of haste
 p - a potion of resistance {unknown}
 u - 3 potions of flight
 B - 2 potions of curing
 F - a potion of ambrosia {unknown}


   Skills:
 + Level 2.2 Fighting
 + Level 3.7 Short Blades
 + Level 5.3 Dodging
 + Level 7.6 Stealth
 + Level 0.4 Shields
 + Level 2.1 Spellcasting
 + Level 5.1 Hexes


You had 10 spell levels left.
You didn't know any spells.
Your spell library contained the following spells:

 Spells                   Type           Power      Damage    Failure   Level
 Slow                     Hex            76%        N/A       2%          1
 Confusing Touch          Hex            19%        N/A       7%          3
 Tukima's Dance           Hex            19%        N/A       7%          3
 Ensorcelled Hibernation  Hex/Ice        20%        N/A       10%         2
 Sandblast                Erth           2%         2d4       19%         1
 Shock                    Conj/Air       4%         1d3       19%         1
 Dazzling Flash           Conj/Hex       20%        N/A       21%         3
 Passwall                 Tmut/Erth      0%         N/A       28%         2
 Stone Arrow              Conj/Erth      2%         3d7       50%         3
 Vampiric Draining        Necr           1%         2d6       50%         3
 Anguish                  Hex/Necr       5%         N/A       54%         4
 Animate Armour           Summ/Erth      2%         N/A       88%         4
 Flame Wave               Conj/Fire      1%         2d4       88%         4
 Conjure Ball Lightning   Conj/Air       0%         3x3d6     100%        6
 Monstrous Menagerie      Summ           0%         N/A       100%        7
 Chain Lightning          Conj/Air       0%         2d1       100%        9


Dungeon Overview and Level Annotations

Branches:
Dungeon (5/15)
 Temple: D:4-7

Altars:
Vehumet
Yredelemnul


Innate Abilities, Weirdness & Mutations

Your natural rate of healing is accelerated.
You have razor-sharp teeth.
You have supernaturally acute eyesight. (SInv)
You are afflicted with vampirism and can become a bat while bloodless.


Message History

B - 2 potions of curing
As you read the scroll of identify, it crumbles to dust.
n - 2 potions of haste
As you read the scroll of identify, it crumbles to dust.
d - a scroll of noise You flicker for a moment.
You climb downwards.
The gnoll misses you.
There is a stone staircase leading up here.
You hit the gnoll sergeant but do no damage.
The gnoll sergeant is lightly wounded.
The gnoll sergeant closely misses you. The gnoll misses you.
You hit the gnoll sergeant but do no damage.
The gnoll sergeant is lightly wounded.
The gnoll sergeant closely misses you. The gnoll hits you with a +0 club.
You hit the gnoll sergeant but do no damage.
The gnoll sergeant is lightly wounded.
The gnoll sergeant closely misses you. The gnoll hits you with a +0 club.
You hit the gnoll sergeant but do no damage.
The gnoll sergeant is lightly wounded.
You hit the gnoll sergeant but do no damage.
The gnoll sergeant is lightly wounded.
You flicker back into view.
The gnoll sergeant hits you with a +0 spear of distortion!
Space warps around you. The gnoll barely misses you.
You hit the gnoll sergeant but do no damage.
You bite the gnoll sergeant, but do no damage.
The gnoll sergeant is lightly wounded.
The gnoll sergeant completely misses you.
The gnoll barely misses you. The gnoll closely misses you.
The gnoll sergeant hits you with a +0 spear of distortion!
The gnoll hits you but does no damage.
You climb upwards.
There is a stone staircase leading down here.
You feel yourself speed up. The gnoll closely misses you.
The gnoll sergeant hits you with a +0 spear of distortion!
The gnoll sergeant hits you with a +0 spear of distortion!
* * * LOW HITPOINT WARNING * * *
The gnoll sergeant hits you from afar with a +0 spear of distortion!
You die...

.........'...##..###'##..###.####
.........##..##..##..##..###.###.
..####...######...#.......#......
###########.......#.......#......
#..........##..##..##..##..###.
#..........##..##..######..###[
#......##..##...#...........#<.
#......##..##...+...........+..
##.##..##..##.@######.###.####'
########..##..##########.####.
#....gg..........[......
#....>..................
##..#..#..##.####..##..#
####################..#
#.......... #..........
#..........


You could see a gnoll sergeant and a gnoll.

Vanquished Creatures
  Sigmund (D:3)
  Pargi (D:3)
  A black bear (D:3)
  An orc priest (D:3)
  2 iguanas (D:4)
  Ijyb (D:4)
  A gnoll (D:5)
  6 adders
  An ufetubus (D:4)
  3 worms
  3 dart slugs
  3 orcs (D:3)
  6 endoplasms
  6 giant cockroaches
  8 hobgoblins
  5 kobolds
  A quokka (D:1)
  10 ball pythons
  8 bats
  6 frilled lizards
  8 goblins
  8 rats
90 creatures vanquished.

Notes
Turn   | Place    | Note
-------+----------+-------------------------------------------
     0 | D:1      | Carnifexus the Vampire Enchanter began the quest for the
                  | Orb.
     0 | D:1      | Reached XP level 1. HP: 13/13 MP: 3/3
     5 | D:1      | Got Wytul's Incunabulum of Spellbinding and the Blaze
   138 | D:1      | Reached XP level 2. HP: 18/19 MP: 5/5
   223 | D:1      | Reached skill level 5 in Stealth
   229 | D:1      | Reached skill level 5 in Hexes
   471 | D:1      | Gained mutation: You are afflicted with vampirism and can
                  | become a bat while bloodless. [Vampire growth]
   471 | D:1      | Reached XP level 3. HP: 24/24 MP: 6/6
   990 | D:2      | Reached XP level 4. HP: 31/31 MP: 7/7
  1206 | D:3      | Noticed Pargi
  1209 | D:3      | Identified 2 scrolls of acquirement
  1209 | D:3      | Acquired a +4 ring of slaying
  1212 | D:3      | Acquired the Secrets of the Injurious Union
  1317 | D:3      | Killed Pargi
  1318 | D:3      | Reached skill level 1 in Fighting
  1318 | D:3      | Reached XP level 5. HP: 14/37 MP: 8/8
  1415 | D:3      | Noticed Sigmund
  1417 | D:3      | Killed Sigmund
  1418 | D:3      | Reached skill level 6 in Stealth
  1418 | D:3      | Reached XP level 6. HP: 44/44 MP: 9/9
  1438 | D:3      | Found a basalt altar of Yredelemnul.
  1486 | D:3      | Found a radiant altar of Vehumet.
  1494 | D:3      | Found a faded altar of an unknown god.
  1788 | D:3      | Reached skill level 5 in Dodging
  2080 | D:4      | Noticed Ijyb
  2083 | D:4      | Killed Ijyb
  2084 | D:4      | Reached skill level 7 in Stealth
  2114 | D:4      | Reached XP level 7. HP: 50/50 MP: 10/10
  2551 | D:5      | Entered Level 5 of the Dungeon
  2557 | D:5      | HP: 1/50 [gnoll/+0 club[a gnoll sergeant] (4)]
  2617 | D:4      | Slain by a gnoll sergeant

Illustrated notes

Levels and vault maps discovered:
D:1:      mushboom_english_gardens, layout_basic, minmay_pentomino_t4
D:2:      layout_rooms, grunt_ministairs_7
D:3:      layout_loops_cross, mainiacjoe_overflow_boulevard, vehumet_crystals,
          shapermc_ecumenical_altar_mp_highgroup, uniq_sigmund, uniq_pargi
D:4:      layout_gridville, uniq_ijyb
D:5:      layout_layer_cave, eino_tiny_chamber

Skill      XL: |  1  2  3  4  5  6 |
---------------+-------------------+-----
Stealth        | 5 6 7 |  7.6
Hexes          | 5 |  5.1
Fighting       | 1 2 |  2.2
Short Blades   | 2 3 |  3.7
Dodging        | 3 4 5 |  5.3
Shields        | |  0.4
Spellcasting   | |  2.1

Action                   |  1- 3 |  4- 6 |  7- 9 || total
-------------------------+-------+-------+-------++-------
Melee: Dagger            |   134 |    78 |    57 ||   269
       Bite              |    14 |    10 |     2 ||    26
       Punch             |       |     1 |     2 ||     3
  Use: Scroll            |       |     3 |     4 ||     7
       Potion            |       |     1 |     2 ||     3
 Stab: Sleeping          |    10 |    15 |     1 ||    26
       Distracted        |     2 |       |       ||     2
       Invisible         |       |     1 |       ||     1
Armor: Robe              |    44 |    38 |     8 ||    90
Dodge: Dodged            |   125 |   103 |    41 ||   269
Block: Other             |    22 |       |       ||    22
